 Dungeon Crawl Stone Soup version 0.30-a0-389-g8d7d949f56 (webtiles) character file.

Game seed: 10671044287283476332

12626 porpoise the Basher (level 11, -4/98 HPs)
             Began as an Armataur Brigand on Dec 2, 2022.
             Was a High Priest of Okawaru.
             Hit by a large rock thrown by a cyclops (13 damage)
             ... on level 11 of the Dungeon on Dec 4, 2022.
             The game lasted 00:53:59 (14104 turns).

porpoise the Basher (Armataur Brigand)             Turns: 14104, Time: 00:54:00

Health: -4/98      AC: 18    Str: 20    XL:     11   Next: 64%
Magic:  15/15      EV:  9    Int: 17    God:    Okawaru [*****.]
Gold:   685        SH:  0    Dex: 12    Spells: 10/10 levels left

rFire   . . .      SeeInvis .    a - +4 dire flail (protect)
rCold   . . .      Faith    .    (shield currently unavailable)
rNeg    + . .      Spirit   .    P - +2 plate armour of Starshine {rN+}
rPois   .          Reflect  .    w - +0 helmet
rElec   .          Harm     .    J - +3 cloak "Radwedi" {-Tele Int+5}
rCorr   .          Roll     +    (no gloves)
Will    .....      NoTele   +    (no barding)
Stlth   ..........               (no amulet)
HPRegen 0.36/turn                D - +4 ring of evasion
MPRegen 0.14/turn                (no ring)

@: no status effects
A: large, rugged brown scales 3, deformed body, armoured tail, roll, long
tongue, awkward tongue
a: Renounce Religion, Heroism, Finesse, Duel


You were on level 11 of the Dungeon.
You worshipped Okawaru.
Okawaru was extremely pleased with you.
You visited 1 branch of the dungeon, and saw 11 of its levels.

You collected 685 gold pieces.

Inventory:

Hand Weapons
 a - a +4 dire flail of protection (weapon)
 b - a +1 morningstar
 i - a +2 dagger
 m - a +2 trident of flaming
 s - a +0 sling
 F - a +0 broad axe
 R - a +3 flail
 T - a +0 arbalest
Missiles
 d - 45 poisoned darts
 g - 6 atropa-tipped darts
 p - 5 boomerangs
 E - 4 curare-tipped darts (quivered)
 L - 7 javelins
 S - 3 throwing nets
Armour
 c - a +0 cloak
 k - a +1 ring mail of positive energy
 w - a +0 helmet (worn)
 J - the +3 cloak "Radwedi" (worn) {-Tele Int+5}
   (You found it on level 8 of the Dungeon)

   Int:       It affects your intelligence (+5).
   -Tele:     It prevents most forms of teleportation.
 P - the +2 plate armour of Starshine (worn) {rN+}
   (Okawaru gifted it to you on level 10 of the Dungeon)

   rN:        It protects you from negative energy.
 Q - a +0 troll leather armour
 V - a +0 buckler
Jewellery
 n - an amulet of guardian spirit
 D - a +4 ring of evasion (left hand)
 N - a ring of wizardry
 O - a ring of ice
Wands
 e - a wand of digging (4)
 v - a wand of iceblast (4)
 y - a wand of flame (19)
Scrolls
 l - 2 scrolls of magic mapping
 o - a scroll of amnesia
 r - a scroll of poison
 t - a scroll of enchant armour {unknown}
 u - a scroll of enchant weapon
 B - 2 scrolls of vulnerability
 C - a scroll of immolation {unknown}
 G - a scroll of blinking {unknown}
 H - 4 scrolls of identify
 K - a scroll of noise {unknown}
 M - a scroll of teleportation
 W - a scroll of fear {unknown}
Potions
 f - 2 potions of mutation
 h - 3 potions of attraction
 j - 4 potions of might
 q - 2 potions of cancellation
 x - 4 potions of brilliance
 z - a potion of resistance
 A - 2 potions of flight
 I - a potion of heal wounds
 U - a potion of curing
 X - a potion of ambrosia {unknown}


   Skills:
 - Level 7.0 Fighting
 - Level 1.7 Short Blades
 + Level 11.8 Maces & Flails
 - Level 1.7 Throwing
 - Level 7.0 Armour
 - Level 5.0 Dodging
 - Level 4.3 Stealth
 + Level 5.5 Invocations
 + Level 4.7 Evocations


You had 10 spell levels left.
You didn't know any spells.
Your spell library contained the following spells:

 Spells                   Type           Power      Damage    Failure   Level
 Apportation              Tloc           0%         N/A       99%         1
 Necrotise                Necr           0%         1d4       99%         1
 Frozen Ramparts          Ice            0%         1d1       100%        3
 Ice Form                 Ice/Tmut       0%         N/A       100%        4
 Summon Small Mammal      Summ           Unusable   N/A       N/A         1
 Summon Ice Beast         Ice/Summ       Unusable   N/A       N/A         4

Dungeon Overview and Level Annotations

Branches:
Dungeon (11/15)            Temple (0/1) D:5
   Lair: D:8-11         Orc: D:9-12

Altars:
Okawaru
Uskayaw

Shops:
D:3 [   D:10 =


Innate Abilities, Weirdness & Mutations

You are completely covered in rugged brown scales. (AC +3, +7% HP)
Armour fits poorly on your strangely shaped body.
You have a long armoured tail.
You roll when moving toward enemies. (Rampage)
Your long tongue fully drains potion bottles. (2x potion effects)
Your tongue gives you trouble enunciating. (1.5x scroll delay)


Message History

Aiming: Iceblast
Press: ? - help, Shift-Dir - straight line, p - orb spider The mass of ice explodes!
The iceblast engulfs the orb spider!!
The orb spider is severely wounded.
Unknown command.
Aiming: Iceblast
Press: ? - help, Shift-Dir - straight line The mass of ice explodes!
The iceblast engulfs the orb spider!!
You kill the orb spider!
Okawaru accepts your kill.
The orb spider's shape twists and changes as it dies.
The orb of destruction hits you!!!!
Ouch! That really hurt!
* * * LOW HITPOINT WARNING * * *
Things that are here:
a +0 dagger; a +0 robe; an orc corpse
Things that are here:
a +0 whip; a +0 leather armour; an orc corpse You see here a troll corpse.
Things that are here:
a +0 troll leather armour; a troll corpse; a basilisk corpse You start resting.
A cyclops comes into view.
Things that are here:
a +0 troll leather armour; a troll corpse; a basilisk corpse You see here a troll corpse.
Things that are here:
a +0 whip; a +0 leather armour; an orc corpse You start resting.
A cyclops is nearby!
Things that are here:
a +0 dagger; a +0 robe; an orc corpse
Things that are here:
a +0 dagger; a +0 robe
Okay, then.
The cyclops throws a large rock.
The large rock hits you!!
* * * LOW HITPOINT WARNING * * *
Okay, then.
The cyclops throws a large rock.
The large rock hits you!
You die...

### ### #######.# #.#
#####.......###.##########
..........................
#####.#...........########
.####.#.#.......#.#
................#.#######
........#####.#.@.......#
............#.#.........#
##.....)###.#.#.........#
#.###### #.#....†......# #.#
#.#.#...~..C..# . #.#
#.#.#..~~..~~.# ####..
##.########.#....≈...~.)####.....
....#..................)).†C....>
###...#####......<##########.###.


You could see a cyclops.

Vanquished Creatures
  Harold (D:10)
  A boulder beetle (D:11)
  2 two-headed ogres
  Nergalle (D:10)
  An orb spider (shapeshifter) (D:11)
  Joseph (D:7)
  A gargoyle (D:10)
  Maggie (D:7)
  3 trolls
  A hornet (D:9)
  Prince Ribbit (D:7)
  A shadow (D:10)
  A vampire (D:11)
  A wraith (D:11)
  5 wyverns
  10 yaks
  A basilisk (D:11)
  Grum (D:8)
  2 steam dragons
  Menkaure (D:7)
  A water moccasin (D:5)
  3 black bears
  4 orc warriors
  2 wolves (D:8)
  5 kobold brigands
  5 scorpions
  5 bullfrogs
  3 necrophages
  9 wights
  8 killer bees
  3 howler monkeys (D:9)
  4 hounds
  6 orc priests
  A gnoll bouda (D:4)
  3 iguanas
  Natasha (thrice) (D:3)
  7 orc wizards
  12 gnolls
  6 adders
  4 shadow imps
  An ufetubus (D:5)
  2 worms
  3 dart slugs
  31 orcs
  2 bats
  9 endoplasms
  7 goblins
  5 hobgoblins
  2 jackals (D:4)
  26 kobolds
  2 quokkas
  14 ball pythons
  5 frilled lizards
  5 rats
245 creatures vanquished.

Vanquished Creatures (others)
  5 fungi (D:5)
  9 plants (D:11)
14 creatures vanquished.

Grand Total: 259 creatures vanquished

Notes
Turn   | Place    | Note
-------+----------+-------------------------------------------
     0 | D:1      | porpoise the Armataur Brigand began the quest for the Orb.
     0 | D:1      | Reached XP level 1. HP: 18/18 MP: 1/1
   142 | D:1      | Reached XP level 2. HP: 24/26 MP: 2/2
   431 | D:1      | Reached skill level 1 in Maces & Flails
   936 | D:2      | Reached XP level 3. HP: 31/32 MP: 3/3
  2036 | D:3      | Reached skill level 2 in Maces & Flails
  2091 | D:3      | Found an iron altar of Okawaru.
  2161 | D:3      | Found Diurcheq's Armour Shop.
  2213 | D:3      | Became a worshipper of Warmaster Okawaru
  2406 | D:3      | Reached XP level 4. HP: 25/40 MP: 4/4
  2531 | D:3      | Noticed Natasha
  2543 | D:3      | Killed Natasha
  2719 | D:3      | Noticed Natasha
  2725 | D:3      | Killed Natasha
  3018 | D:3      | Noticed Natasha
  3026 | D:3      | Killed Natasha
  3027 | D:3      | Reached skill level 3 in Maces & Flails
  3027 | D:3      | Reached XP level 5. HP: 41/48 MP: 5/5
  3243 | D:4      | Reached * piety under Okawaru
  3579 | D:4      | Reached skill level 4 in Maces & Flails
  3579 | D:4      | Reached XP level 6. HP: 43/55 MP: 6/6
  4447 | D:5      | Entered Level 5 of the Dungeon
  4642 | D:4      | Reached skill level 5 in Maces & Flails
  4830 | D:5      | Upgraded the game from 0.30-a0-381-g6ea064c7b4 to
                  | 0.30-a0-389-g8d7d949f56
  4882 | D:5      | Reached XP level 7. HP: 64/64 MP: 7/7
  5006 | D:5      | Reached ** piety under Okawaru
  5215 | D:5      | Found a transporter.
  5225 | D:5      | Found a transporter.
  5244 | D:5      | Reached skill level 5 in Fighting
  5407 | D:5      | Reached skill level 6 in Maces & Flails
  5716 | D:5      | Reached XP level 8. HP: 15/73 MP: 5/8
  6753 | D:5      | Found a staircase to the Ecumenical Temple.
  7036 | D:6      | Reached skill level 7 in Maces & Flails
  7973 | D:7      | Reached *** piety under Okawaru
  8050 | D:7      | Reached skill level 8 in Maces & Flails
  8137 | D:7      | Noticed Maggie
  8150 | D:7      | Killed Maggie
  8151 | D:7      | Reached XP level 9. HP: 28/83 MP: 9/9
  8437 | D:7      | Noticed Menkaure
  8443 | D:7      | Killed Menkaure
  8581 | D:7      | Noticed Prince Ribbit
  8614 | D:7      | Reached skill level 9 in Maces & Flails
  8642 | D:7      | Reached **** piety under Okawaru
  8752 | D:7      | Noticed Joseph
  8794 | D:7      | Reached skill level 1 in Armour
  8794 | D:7      | Reached skill level 1 in Dodging
  8828 | D:7      | Killed Prince Ribbit
  9057 | D:7      | Killed Joseph
  9571 | D:8      | Reached ***** piety under Okawaru
  9736 | D:8      | Noticed Grum
  9753 | D:8      | Killed Grum
 10292 | D:8      | Reached XP level 10. HP: 60/92 MP: 10/10
 10474 | D:8      | Identified the +3 cloak "Radwedi" {-Tele Int+5}
 10646 | D:8      | Reached skill level 10 in Maces & Flails
 10646 | D:8      | Reached skill level 5 in Armour
 10919 | D:8      | Received a gift from Okawaru
 11200 | D:9      | Noticed a two-headed ogre
 11215 | D:9      | Killed a two-headed ogre
 11737 | D:9      | Reached skill level 1 in Invocations
 12074 | D:10     | Entered Level 10 of the Dungeon
 12075 | D:10     | Noticed a gargoyle
 12089 | D:10     | Killed a gargoyle
 12090 | D:10     | Reached skill level 5 in Dodging
 12306 | D:10     | Reached skill level 11 in Maces & Flails
 12359 | D:10     | Identified the +2 plate armour of Starshine {rN+} (Okawaru
                  | gifted it to you on level 10 of the Dungeon)
 12359 | D:10     | Received a gift from Okawaru
 12377 | D:10     | Noticed Nergalle
 12401 | D:10     | Killed Nergalle
 12402 | D:10     | Reached skill level 1 in Evocations
 12402 | D:10     | Reached XP level 11. HP: 66/98 MP: 8/13
 12653 | D:10     | Found Kaosi's Jewellery Shop.
 13175 | D:10     | Noticed Harold
 13215 | D:10     | Killed Harold
 13318 | D:10     | Found a hide-covered altar of Uskayaw.
 13319 | D:10     | Noticed a +0 hand axe
 13320 | D:10     | Noticed a +0 dagger
 13823 | D:11     | Noticed a two-headed ogre
 13829 | D:11     | Killed a two-headed ogre
 13881 | D:11     | Noticed a boulder beetle
 13909 | D:11     | Killed a boulder beetle
 13910 | D:11     | Reached skill level 5 in Invocations
 14042 | D:11     | Noticed an orb spider
 14047 | D:11     | Killed an orb spider
 14104 | D:11     | Hit by a large rock thrown by a cyclops

Illustrated notes

Levels and vault maps discovered:
D:1:      dpeg_arrival_shrine, layout_basic, minivault_26,
          hangedman_decor_growths
D:2:      layout_basic, minmay_statues_item, feat_on_display
D:3:      layout_loops_ring, kennysheep_okawaru_gauntlet, serial_shops,
          nicolae_shop_window_shopping, uniq_natasha
D:4:      layout_basic, kennysheep_dice
D:5:      gammafunk_wand_slinger, layout_layer_cave,
          minmay_temple_entry_statues, kennysheep_cluttered_room,
          dreamdust_gnoll_farm
D:6:      layout_basic
D:7:      layout_cave_pools, uniq_menkaure, uniq_prince_ribbit1, uniq_maggie,
          uniq_joseph
D:8:      layout_basic, serial_bayou_pond_e, uniq_grum
D:9:      layout_rooms
D:10:     layout_gridville, dancing_weapons_uskayaw, serial_shops,
          nicolae_shop_advertising_works [nicolae_subvault_shop_adworks],
          uniq_harold, uniq_nergalle
D:11:     layout_basic, dpeg_oklobed_lair, erik_orc_2

Skill      XL: |  1  2  3  4  5  6  7  8  9 10 11 |
---------------+----------------------------------+-----
Fighting       | 2 3 4 5 6 7 |  7.0
Maces & Flails | 1 2 3 4 5 6 8 9 11 | 11.8
Armour         | 4 7 |  7.0
Dodging        | 3 5 |  5.0
Invocations    | 3 5 |  5.5
Evocations     | 1 4 |  4.7
Short Blades   | |  1.7
Throwing       | |  1.7
Stealth        | |  4.3

Action                   |  1- 3 |  4- 6 |  7- 9 | 10-12 || total
-------------------------+-------+-------+-------+-------++-------
Melee: Dagger            |     9 |       |       |       ||     9
       Whip              |    81 |       |       |       ||    81
       Tailslap          |    13 |    19 |    52 |    50 ||   134
       Mace              |    84 |    68 |       |       ||   152
       Punch             |     1 |     3 |     9 |     4 ||    17
       Morningstar       |       |    88 |   319 |   285 ||   692
       Dire flail        |       |       |       |    68 ||    68
 Fire: Arbalest          |       |       |       |     2 ||     2
Throw: Dart              |     6 |       |     7 |     2 ||    15
Invok: Heroism           |       |       |     3 |     4 ||     7
       Finesse           |       |       |       |     2 ||     2
Evoke: Wand              |       |       |    22 |     3 ||    25
  Use: Potion            |     1 |     2 |     3 |     1 ||     7
       Scroll            |       |     4 |    10 |       ||    14
 Stab: Sleeping          |    13 |     5 |     3 |       ||    21
       Distracted        |       |     1 |     1 |       ||     2
Armor: Robe              |    11 |       |       |       ||    11
       Leather armour    |    22 |       |       |       ||    22
       Ring mail         |    30 |    74 |   144 |    62 ||   310
       Plate armour      |       |       |       |   142 ||   142
Dodge: Dodged            |    64 |    93 |   199 |   173 ||   529

Table legend: (Time is in decaauts)
 A = Elapsed time spent in this place.
 B = Non-inter-level travel time spent in this place.
 C = Inter-level travel time spent in this place.
 D = Time resting spent in this place.
 E = Time spent auto-exploring this place.
 F = Levels seen in this place.
 G = Mean time per level.
                   A        B        C        D        E       F      G
               +--------+--------+--------+--------+--------+-----+--------+
         Total |  14153 |  13296 |    857 |   4746 |   5783 |  11 | 1286.6 |
       Dungeon |  14153 |  13296 |    857 |   4746 |   5783 |  11 | 1286.6 |
               +--------+--------+--------+--------+--------+-----+--------+

Top non-repeatable levels by time:
     D:5: 2402 daAuts
    D:10: 1657 daAuts
     D:8: 1647 daAuts
     D:4: 1584 daAuts
     D:3: 1537 daAuts
     D:7: 1488 daAuts
     D:9: 987 daAuts
     D:6: 950 daAuts
     D:1: 847 daAuts
     D:2: 735 daAuts
    D:11: 313 daAuts
